 Dungeon Crawl Stone Soup version 0.18-a0-960-g77c8fc5 (webtiles) character file.

1947 M4edhros the Covert (level 9, -1/53 HPs)
             Began as an Octopode Artificer on Dec 31, 2015.
             Was a Believer of Pakellas.
             Shot with an arrow by a centaur (10 damage)
             ... on level 7 of the Dungeon.
             The game lasted 00:10:28 (6911 turns).

M4edhros the Covert (Octopode Artificer)            Turns: 6911, Time: 00:10:31

Health: -1/53      AC:  1    Str: 10    XL:     9   Next: 18%
Magic:  13/13      EV: 15    Int: 14    God:    Pakellas [**....]
Gold:   342        SH:  0    Dex: 12    Spells: 0 memorised, 8 levels left

rFire  . . .     SeeInvis .     u - +4 quarterstaff (chaos)
rCold  . . .     Gourm    .     (shield currently unavailable)
rNeg   . . .     Faith    .     (helmet restricted)
rPois  .         Spirit   .     z - amulet of dismissal
rElec  .         Dismiss  +     C - -4 ring of intelligence (curse)
rCorr  .         Reflect  .     (no ring)
SustAt .         Harm     .     (no ring)
MR     .....                    (no ring)
Stlth  ++++++....               (no ring)
                                (no ring)
                                (no ring)
                                (no ring)

@: not resistant to hostile enchantments, very stealthy
A: almost no armour, amphibious, 8 rings, constrict 8, camouflage 1, gelatinous
body 1
a: Quick Charge, Renounce Religion


You were on level 7 of the Dungeon.
You worshipped Pakellas.
Pakellas was pleased with you.
You were near starving.

You visited 2 branches of the dungeon, and saw 8 of its levels.

You collected 342 gold pieces.

Inventory:

Hand Weapons
 a - a +0 short sword
 r - a +1 dagger of draining
 u - a +4 quarterstaff of chaos (weapon)
Missiles
 e - 134 stones
 n - 2 throwing nets
 w - 7 javelins (quivered)
Jewellery
 o - an uncursed amulet of the gourmand
 z - an amulet of dismissal (around mantle)
 C - a cursed -4 ring of intelligence (left tentacle)
Wands
 b - a wand of flame (4/48)
 c - a wand of enslavement (10/24)
 t - a wand of magic darts (20/48)
 x - a wand of polymorph (6/24)
 E - a wand of fireball (7/15)
 F - a wand of paralysis (6/24)
Scrolls
 g - 3 scrolls of enchant weapon {unknown}
 h - 2 scrolls of recharging {unknown}
 j - a scroll of magic mapping {unknown}
 l - 2 scrolls of teleportation {unknown}
 s - 2 scrolls of noise {unknown}
 v - 3 scrolls of identify {unknown}
 y - 3 scrolls of remove curse
 H - a scroll of enchant armour {unknown}
Potions
 d - 2 potions of resistance {unknown}
 i - 5 potions of curing
 m - 2 potions of poison {unknown}
 p - 2 potions of heal wounds {unknown}
 q - a potion of haste {unknown}
 B - a potion of mutation {unknown}
 D - 2 potions of brilliance {unknown}
 I - 2 potions of degeneration {unknown}
Comestibles
 f - 3 bread rations
 k - 5 fruits
 A - 2 beef jerkies
 G - a royal jelly


   Skills:
 - Level 1.0 Fighting
 - Level 1.0 Short Blades
 * Level 7.6 Dodging
 * Level 10.5 Stealth
 + Level 6.6 Evocations


You had 8 spell levels left.
You didn't know any spells.

Dungeon Overview and Level Annotations

Branches:
Dungeon (7/15)             Temple (1/1) D:5

Altars:
Cheibriados
Dithmenos
Elyvilon
Gozag
Kikubaaqudgha
Makhleb
Okawaru
Pakellas
Sif Muna
Trog
Vehumet

Annotations:
D:3 M4edhros's ghost, amateur OpAr


Innate Abilities, Weirdness & Mutations

You cannot wear most types of armour.
You are amphibious.
You can wear up to eight rings at the same time.
You can use your tentacles to constrict eight enemies at once.
Your skin changes colour to match your surroundings (Stealth).
Your rubbery body absorbs attacks (AC +1).


Message History

Attack!
You hear a shout!
You see here an iguana corpse.
The giant frog skeleton hits your wyvern skeleton.
Your wyvern skeleton bites the giant frog skeleton.
The giant frog skeleton hits your wyvern skeleton.
Your wyvern skeleton bites the giant frog skeleton!
The giant frog skeleton hits your wyvern skeleton.
Your wyvern skeleton barely misses the giant frog skeleton.
The giant frog skeleton hits your wyvern skeleton!
Your wyvern skeleton bites the giant frog skeleton!
A centaur comes into view.
The centaur wields a shortbow.
The centaur shoots an arrow.
The arrow hits you!
* * * LOW HITPOINT WARNING * * *
The giant frog skeleton hits your wyvern skeleton.
Your wyvern skeleton bites the giant frog skeleton.
The giant frog skeleton is destroyed!
Pakellas accepts your kill.
The centaur shoots an arrow.
The arrow hits you!
You die...

c.. . .. ...
#.# .
....#..## ..
....#.... ./.
......####....
#..$........
#..@..Z.....
#.#..###.###
#...........
###....#.###
#.!..#
#....#.#
#....#.#
########'##[#
#........##.#


You could see a centaur and a friendly wyvern skeleton.

Vanquished Creatures
  Pikel (D:5)
  A phantom (D:6)
  An ice beast (D:5)
  A wasp (D:6)
  An ogre (D:5)
  2 centaurs
  2 scorpions
  A wight (D:6)
  2 crimson imps (D:6)
  2 giant frog skeletons
  2 orc priests
  A jelly (D:5)
  2 iguanas
  A centaur skeleton (D:4)
  Terence (D:3)
  3 worker ants
  3 orc wizards (D:4)
  A killer bee zombie (D:7)
  A hound zombie (D:7)
  A hound skeleton (D:7)
  3 gnolls (D:2)
  10 adders
  A river rat (D:3)
  3 oozes
  2 worms (D:3)
  7 giant geckos
  15 orcs
  7 bats
  5 giant cockroaches
  11 goblins
  7 hobgoblins
  8 jackals
  11 kobolds
  3 quokkas
  A ball python (D:3)
  5 giant newts
  4 rats
133 creatures vanquished.

Vanquished Creatures (collateral kills)
  A giant frog skeleton (D:7)
  An adder (D:6)
2 creatures vanquished.

Vanquished Creatures (others)
  A shadow imp (D:5)
1 creature vanquished.

Grand Total: 136 creatures vanquished

Notes
Turn   | Place    | Note
--------------------------------------------------------------
     0 | D:1      | M4edhros the Octopode Artificer began the quest for the Orb.
     0 | D:1      | Reached XP level 1. HP: 13/13 MP: 3/3
    40 | D:1      | Reached XP level 2. HP: 16/18 MP: 4/4
   498 | D:2      | Reached XP level 3. HP: 23/23 MP: 5/5
   808 | D:2      | Reached XP level 4. HP: 24/28 MP: 6/6
   836 | D:2      | Found a shadowy altar of Dithmenos.
   929 | D:3      | Noticed M4edhros's ghost (amateur OpAr)
  1133 | D:2      | Reached skill level 4 in Stealth
  1243 | D:3      | Found a bloodstained altar of Trog.
  1287 | D:3      | Noticed Terence
  1405 | D:4      | Reached XP level 5. HP: 33/33 MP: 8/8
  1408 | D:4      | Reached skill level 5 in Stealth
  1588 | D:4      | Reached XP level 6. HP: 34/38 MP: 9/9
  1690 | D:4      | Found a white marble altar of Elyvilon.
  1711 | D:4      | Noticed Crazy Yiuf
  1712 | D:4      | Noticed Crazy Yiuf
  1712 | D:4      | Crazy Yiuf changed into Crazy Yiuf the centaur
  2102 | D:4      | Reached skill level 6 in Stealth
  2378 | D:4      | Killed Crazy Yiuf the centaur
  2530 | D:5      | Entered Level 5 of the Dungeon
  2673 | D:5      | Reached XP level 7. HP: 43/43 MP: 10/10
  2704 | D:5      | Found a staircase to the Ecumenical Temple.
  2712 | Temple   | Entered the Ecumenical Temple
  2743 | Temple   | Became a worshipper of Pakellas the Inventive
  2950 | D:4      | Reached skill level 5 in Dodging
  2982 | D:4      | Reached skill level 7 in Stealth
  3436 | D:3      | Reached skill level 5 in Evocations
  3491 | D:3      | Reached * piety under Pakellas
  3554 | D:3      | Found an opulent altar of Gozag.
  3657 | D:3      | Found a faded altar to an unknown god.
  3987 | D:3      | Killed Terence
  4040 | D:3      | Reached ** piety under Pakellas
  4040 | D:3      | Received a gift from Pakellas
  5354 | D:5      | Noticed Pikel
  5711 | D:5      | Killed Pikel
  5711 | D:5      | Reached skill level 9 in Stealth
  5711 | D:5      | Reached XP level 8. HP: 34/48 MP: 12/12
  6353 | D:6      | Found a white marble altar of Elyvilon.
  6427 | D:6      | Reached skill level 10 in Stealth
  6427 | D:6      | Reached XP level 9. HP: 53/53 MP: 13/13
  6791 | D:7      | Found an ancient bone altar of Kikubaaqudgha.
  6911 | D:7      | Shot with an arrow by a centaur

Vault maps used:
D:1:      erik_arrival_gehennom, fountainhead
D:2:      nicolae_overflow_hidden_temple
D:3:      lemuel_doored_altar, bloody_trog, gup_sewer_entry_spiral,
          ecumenical_altar_2, minmay_misc_feat_diagonals, grunt_ministairs_7,
          minmay_misc_feat_tower, roderic_lattice_a, uniq_terence
D:4:      kennysheep_mini_moat, uniq_crazy_yiuf_cottage
D:5:      temple_doors_b, first_bread, uniq_pikel
D:6:      basic_altar
D:7:      kennysheep_little_box, lemuel_round_altar
Temple:   eino_temple_water_12

Action                   |  1- 3 |  4- 6 |  7- 9 || total
-------------------------+-------+-------+-------++-------
Melee: Short sword       |    51 |    33 |     5 ||    89
       Dagger            |       |    15 |       ||    15
       Quarterstaff      |       |    11 |   150 ||   161
Throw: Javelin           |       |     4 |       ||     4
Evoke: Wand              |     1 |    13 |    26 ||    40
  Use: Scroll            |     3 |       |       ||     3
       Potion            |     2 |       |       ||     2
 Stab: Sleeping          |    12 |     7 |    24 ||    43
       Paralysed         |       |     1 |     4 ||     5
       Distracted        |       |       |     2 ||     2
       Petrifying        |       |       |     1 ||     1
  Eat: Chunk             |       |     5 |     6 ||    11
       Bread ration      |       |       |     1 ||     1
       Royal jelly       |       |       |     1 ||     1
